 Dungeon Crawl Stone Soup version 0.26-a0-61-g6c07f0ee8d (webtiles) character file.

Game seed: 1218265803107711850

4511 MarredHen the Covert (level 10, 0/63 HPs)
             Began as a Kobold Chaos Knight on June 8, 2020.
             Was a Plaything of Xom.
             Slain by a hornet (10 damage)
             ... on level 9 of the Dungeon.
             The game lasted 00:22:39 (8639 turns).

MarredHen the Covert (Kobold Chaos Knight)          Turns: 8639, Time: 00:22:41

Health: 0/63       AC: 11    Str: 10    XL:     10   Next: 65%
Magic:  10/10      EV: 12    Int: 14    God:    Xom [..*...]
Gold:   413        SH:  0    Dex: 17    Spells: 9/9 levels left

rFire    + . .     SeeInvis .   w - +5 flail (vorpal)
rCold    . . .     Gourm    .   (shield restricted)
rNeg     + . .     Faith    .   j - +2 chain mail {rN+}
rPois    .         Spirit   .   (helmet restricted)
rElec    .         Reflect  .   (no cloak)
rCorr    .         Harm     .   i - +0 pair of gloves
MR       .....                  p - +0 pair of boots
Stlth    ++........             y - amulet of regeneration
HPRegen  0.60/turn              l - +4 ring of slaying
MPRegen  0.12/turn              (no ring)

@: lethally poisoned (0 -> -10), about to teleport
A: small, antennae 1, beak, iridescent scales 1, agile 1, carnivore, deformed
body, fire resistance 1, sense surroundings 1, weak 1, wild magic 1, sturdy
frame 1
a: Renounce Religion


You were on level 9 of the Dungeon.
You worshipped Xom.
You were a toy of Xom.
You were not hungry.

You visited 1 branch of the dungeon, and saw 9 of its levels.
You also visited: Sewer.

You collected 413 gold pieces.

Inventory:

Hand Weapons
 w - a +5 vorpal flail (weapon)
Armour
 b - a +2 leather armour
 i - a +0 pair of gloves (worn)
 j - a +2 chain mail of positive energy (worn)
 p - a +0 pair of boots (worn)
 x - a +2 robe of positive energy
Jewellery
 l - a +4 ring of slaying (left hand)
 y - an amulet of regeneration (around neck)
Wands
 v - a wand of digging (7)
 A - a wand of flame (22)
Scrolls
 a - 2 scrolls of remove curse
 f - a scroll of teleportation
 h - a scroll of fear
 n - a scroll of enchant armour
 t - 4 scrolls of identify
Potions
 d - 4 potions of flight
 e - a potion of cancellation
 g - 3 potions of might
 k - a potion of invisibility
 m - 4 potions of lignification
 o - 3 potions of degeneration {unknown}
 q - 2 potions of ambrosia
 r - 3 potions of haste
 s - 4 potions of mutation
Comestibles
 c - 14 rations


   Skills:
 + Level 7.5 Fighting
   Level 8.1 Short Blades
 + Level 6.1 Maces & Flails
 + Level 4.0 Armour
 + Level 8.5 Dodging
 + Level 8.6 Stealth


You had 9 spell levels left.
You didn't know any spells.
Your spell library contained the following spells:

 Spells                   Type           Power        Failure   Level  Hunger
 Animate Skeleton         Necr           N/A          100%        1    ##.....
 Apportation              Tloc           #.....       100%        1    ##.....
 Corona                   Hex            #......      100%        1    ##.....
 Freeze                   Ice            #...         100%        1    ##.....
 Summon Small Mammal      Summ           #...         100%        1    ##.....
 Frozen Ramparts          Ice            #.....       100%        3    ####...
 Ozocubu's Armour         Chrm/Ice       #.......     100%        3    ####...
 Hailstorm                Conj/Ice       #.......     100%        4    #####..
 Summon Ice Beast         Ice/Summ       #.......     100%        4    #####..


Dungeon Overview and Level Annotations

Branches:
Dungeon (9/15)             Temple (0/1) D:4           Sewer (visited)
   Lair: D:8-11         Orc: D:9-12

Altars:
Dithmenos
Fedhas
Nemelex Xobeh
Qazlal
Sif Muna
Trog
Wu Jian
Xom
Yredelemnul
Zin

Shops:
D:4 (   D:7 [   D:8 =%

Annotations:
D:2 1 runed translucent door
D:6 1 exclusion
D:8 Erica
D:9 Maggie, Maurice


Innate Abilities, Weirdness & Mutations

You are small and have problems with some larger weapons.
You are carnivorous and can eat meat at any time.
You have a pair of small antennae on your head.
You have a beak for a mouth.
You are partially covered in iridescent scales. (AC +2)
You are agile. (Dex +2)
Armour fits poorly on your strangely shaped body.
Your flesh is heat resistant. (rF+)
You passively map a small area around you.
You are weak. (Str -2)
Your spells are a little harder to cast, but a little more powerful.
Your movements are slightly less encumbered by armour. (ER -2)


Message History

You feel yourself speed up.
You feel sick. The hornet closely misses you. The hornet barely misses you.
You feel sick. The hornet closely misses you. The hornet stings you!
* * * LOW HITPOINT WARNING * * *
You are more poisoned.
You suddenly lose the ability to move!
You feel sick. The hornet stings you.
* * * LOW HITPOINT WARNING * * *
You are lethally poisoned!
You feel yourself slow down.
You can move again.
As you read the scroll of teleportation, it crumbles to dust.
You feel strangely unstable.
You feel yourself speed up.
* * * LOW HITPOINT WARNING * * *
You feel very sick. The hornet stings you!
You die...
Xom howls with laughter!

############### ************
#.............. ,,,,,,,,,,,*
#.............. ,*******,,,*
#.............. ,,,,,,,*,,,*
#.............. ≈≈≈≈≈≈,*,..#####*
#..............
*****≈,*,.......###..............
*,,,*≈,*,.......@y.{...........>.
*,∩,,≈,*,.......Y{Y..............
*,,,*≈,,,.........####....#######
*****≈,,,.........#,,#....#......
≈≈≈≈≈≈,,,.........#,,#....#......
,,,,,,,+*##.......#,,#....#......
,,,,,,,,,,#.......#,,#....#......
,,,,,*,,,,#...#####..######......
,,,,,*,,,,*,,,*,,,,..............


You could see 2 yaks and a hornet.

Vanquished Creatures
  A two-headed ogre (D:8)
  Joseph (D:8)
  Psyche (D:8)
  A hornet (D:8)
  Prince Ribbit (D:6)
  Edmund (D:4)
  2 orc warriors (D:8)
  An ice beast (D:8)
  A sky beast (D:8)
  A black bear (D:7)
  A phantom (D:4)
  2 ogres
  A crocodile (Sewer)
  A wyvern zombie (D:7)
  7 scorpions
  A killer bee (D:4)
  3 howler monkeys
  8 crimson imps
  A centaur zombie (D:6)
  A quasit (D:7)
  A jelly (D:6)
  4 orc wizards
  3 bullfrog skeletons
  5 orc priests
  7 hounds
  A human skeleton (D:2)
  An iguana (D:8)
  5 worker ants
  6 gnolls
  7 adders
  2 river rats
  5 shadow imps
  3 adder zombies
  5 worms
  4 dart slugs
  3 leopard geckos
  20 orcs
  7 bats
  6 giant cockroaches
  9 goblins
  9 hobgoblins
  7 jackals
  6 quokkas
  A ball python (D:1)
  8 frilled lizards
  A goblin skeleton (D:2)
  8 kobolds
  A leopard gecko skeleton (D:4)
  12 rats
194 creatures vanquished.

Vanquished Creatures (collateral kills)
  An orc (D:5)
1 creature vanquished.

Vanquished Creatures (others)
  A hound (D:4)
1 creature vanquished.

Grand Total: 196 creatures vanquished

Notes
Turn   | Place    | Note
-------+----------+-------------------------------------------
     0 | D:1      | MarredHen the Kobold Chaos Knight began the quest for the
                  | Orb.
     0 | D:1      | Reached XP level 1. HP: 14/14 MP: 1/1
    46 | D:1      | XOM: divination: detect creatures
   129 | D:1      | XOM: silly message
   138 | D:1      | Reached XP level 2. HP: 6/19 MP: 2/2
   637 | D:1      | Reached XP level 3. HP: 17/23 MP: 3/3
   795 | D:1      | Reached skill level 1 in Armour
   901 | D:1      | XOM: polymorph frilled lizard -> giant cockroach
  1161 | D:2      | XOM: blink monster(s)
  1196 | D:2      | Reached skill level 5 in Short Blades
  1274 | D:2      | XOM: polymorph frilled lizard -> river rat
  1291 | D:2      | Reached XP level 4. HP: 29/29 MP: 4/4
  1401 | D:2      | Found a runed translucent door.
  1401 | D:2      | Noticed a human
  1411 | D:2      | Found a basalt altar of Yredelemnul.
  1421 | D:2      | XOM: 1-stop teleportation journey
  1517 | D:2      | Found a shimmering blue altar of Sif Muna.
  1530 | D:2      | Found an ornate altar of the Wu Jian Council.
  1530 | D:2      | XOM: 4-stop teleportation journey
  1595 | D:2      | XOM: give mutations
  1595 | D:2      | Gained mutation: Armour fits poorly on your strangely
                  | shaped body. [Xom's mischief]
  1595 | D:2      | Gained mutation: Your system is resistant to poisons.
                  | (rPois) [Xom's mischief]
  1897 | D:2      | XOM: give mutation
  1897 | D:2      | Gained mutation: You are weak. (Str -2) [Xom's mischief]
  2045 | D:3      | Reached XP level 5. HP: 21/33 MP: 5/5
  2051 | D:3      | XOM: scenery: 2 doors open
  2079 | D:3      | Reached skill level 1 in Stealth
  2135 | D:3      | Found a glowing drain.
  2141 | Sewer    | Entered a sewer
  2322 | Sewer    | Noticed a crocodile
  2325 | Sewer    | XOM: confuse monster(s)
  2343 | Sewer    | Killed a crocodile
  2343 | Sewer    | Reached XP level 6. HP: 26/38 MP: 6/6
  2591 | D:3      | XOM: give mutations
  2591 | D:3      | Gained mutation: You are partially covered in rugged brown
                  | scales. (AC +1, +3% HP) [Xom's grace]
  2591 | D:3      | Gained mutation: You passively map a small area around you.
                  | [Xom's grace]
  2987 | D:3      | XOM: give mutations
  2987 | D:3      | Gained mutation: You are agile. (Dex +2) [Xom's grace]
  2987 | D:3      | Gained mutation: Your movements are slightly less
                  | encumbered by armour. (ER -2) [Xom's grace]
  3194 | D:4      | XOM: polymorph orc wizard -> killer bee
  3218 | D:4      | Reached XP level 7. HP: 10/45 MP: 7/7
  3314 | D:4      | XOM: give mutations
  3314 | D:4      | Gained mutation: You have a pair of small antennae on your
                  | head. [Xom's grace]
  3314 | D:4      | Gained mutation: Your flesh is heat resistant. (rF+) [Xom's
                  | grace]
  3314 | D:4      | Gained mutation: You are partially covered in iridescent
                  | scales. (AC +2) [Xom's grace]
  3489 | D:4      | Found Nehakis's Antique Weapon Emporium.
  3498 | D:4      | Found a staircase to the Ecumenical Temple.
  3562 | D:4      | Found a blossoming altar of Fedhas.
  3605 | D:4      | XOM: summons 2 friendly demons
  3927 | D:4      | Reached skill level 5 in Fighting
  3927 | D:4      | Reached XP level 8. HP: 38/50 MP: 8/8
  3934 | D:4      | Found a bloodstained altar of Trog.
  3934 | D:4      | XOM: 1-stop teleportation journey
  3935 | D:4      | Noticed a moth of wrath
  4051 | D:4      | Noticed Edmund
  4065 | D:4      | Killed Edmund
  4065 | D:4      | Reached skill level 5 in Dodging
  4378 | D:5      | Entered Level 5 of the Dungeon
  4473 | D:5      | XOM: potion effect (heal wounds)
  4485 | D:5      | XOM: noise
  4501 | D:5      | XOM: enchant monster (good)
  4552 | D:5      | XOM: polymorph orc -> jackal
  4708 | D:5      | Reached skill level 5 in Stealth
  4786 | D:5      | XOM: cast spell 'Shadow Creatures'
  4809 | D:5      | Reached skill level 1 in Maces & Flails
  4814 | D:5      | XOM: enchant monster (good)
  4950 | D:5      | XOM: give mutations
  4950 | D:5      | Gained mutation: You have a beak for a mouth. [Xom's grace]
  4950 | D:5      | Gained mutation: Your spells are a little harder to cast,
                  | but a little more powerful. [Xom's grace]
  5458 | D:6      | Reached XP level 9. HP: 49/55 MP: 9/9
  5476 | D:6      | XOM: cloud trail
  5496 | D:6      | Noticed Prince Ribbit
  5527 | D:6      | XOM: 1-stop teleportation journey
  6104 | D:6      | You fall into a shaft and drop 3 floors!
  6152 | D:8      | Noticed a hornet
  6274 | D:7      | Found a glowing silver altar of Zin.
  6358 | D:7      | Found Ecouci's Antique Armour Boutique.
  6443 | D:7      | XOM: summons 2 friendly demons
  6510 | D:7      | Found a shimmering altar of Xom.
  6510 | D:7      | Found a basalt altar of Yredelemnul.
  6882 | D:6      | XOM: summons 1 hostile shadow creature
  6967 | D:6      | XOM: silly message
  6976 | D:6      | Killed Prince Ribbit
  6976 | D:6      | Reached skill level 5 in Maces & Flails
  7182 | D:8      | XOM: summons 5 friendly demons
  7192 | D:8      | Killed a hornet
  7261 | D:8      | Found Dolyfefo's Jewellery Emporium.
  7288 | D:8      | Found a sparkling altar of Nemelex Xobeh.
  7301 | D:8      | Found a shadowy altar of Dithmenos.
  7497 | D:8      | Noticed Psyche
  7502 | D:8      | Killed Psyche
  7502 | D:8      | Reached XP level 10. HP: 61/62 MP: 10/10
  7530 | D:8      | Found a stormy altar of Qazlal.
  7543 | D:8      | Identified the cursed +1 robe of the Forest {rF++ Str+2
                  | Int+2 Stlth-}
  7554 | D:8      | Noticed Erica
  7555 | D:8      | XOM: butterfly on damage
  7575 | D:8      | XOM: summons 6 hostile demons
  7599 | D:8      | XOM: 3-stop teleportation journey
  7807 | D:8      | XOM: give mutations
  7807 | D:8      | Lost mutation: Your system is resistant to poisons. (rPois)
                  | [Xom's mischief]
  7807 | D:8      | Lost mutation: You are partially covered in rugged brown
                  | scales. (AC +1, +3% HP) [Xom's mischief]
  7807 | D:8      | Gained mutation: Your flesh is very heat resistant. (rF++)
                  | [Xom's mischief]
  7807 | D:8      | Lost mutation: Your flesh is very heat resistant. (rF++)
                  | [Xom's mischief]
  7861 | D:8      | XOM: confuse monster(s)
  7879 | D:8      | Noticed Joseph
  7884 | D:8      | XOM: silly message
  7889 | D:8      | Killed Joseph
  7980 | D:8      | Noticed a two-headed ogre
  7987 | D:8      | Killed a two-headed ogre
  8459 | D:8      | Found Puaroxt's Food Shoppe.
  8604 | D:9      | Noticed Maurice
  8615 | D:9      | Noticed Maggie
  8625 | D:9      | XOM: divination: detect creatures
  8637 | D:9      | Paralysed by a hornet for 2 turns
  8639 | D:9      | Slain by a hornet

Illustrated notes

Levels and vault maps discovered:
D:1:      kennysheep_arrival_seaside, layout_rooms
D:2:      lemuel_upstairs_altar, layout_loops_ring,
          lemuel_coloured_pillars_altar, overflow_temple_1_default,
          first_ration, dk_yredelemnul_ordeal
D:3:      layout_basic, gup_sewer_entry_bubbles
D:4:      layout_basic, tgw_trog, old_standard_altar,
          minmay_temple_entry_proselytizer, serial_shops,
          nicolae_shop_waterfront, uniq_edmund
D:5:      layout_basic
D:6:      layout_layer_cave, uniq_prince_ribbit1
D:7:      layout_loops_ring, chequers_temple_overflow_statue_of_worship,
          zin_treasury, serial_shops, shop
D:8:      layout_loops_ring, grunt_dithmenos_smoke_and_mirrors,
          grunt_qazlal_sundering, nemelex_xobeh_ov_fountains_minmay,
          serial_shops, kennysheep_mini_moat, minmay_shop_enchanted_jewellery,
          minmay_puff, uniq_joseph, uniq_erica, uniq_psyche
D:9:      layout_irregular_city, slow_altar_1, enter_bailey_3, uniq_maggie,
          uniq_maurice, uniq_harold

Skill      XL: |  1  2  3  4  5  6  7  8  9 10 |
---------------+-------------------------------+-----
Armour         | 1 2 3 4 |  4.0
Short Blades   | 5 6 7 8 |  8.1
Fighting       | 4 5 6 7 |  7.5
Dodging        | 3 4 6 7 8 |  8.5
Stealth        | 1 2 3 5 7 8 |  8.6
Maces & Flails | 2 5 6 |  6.1

Action                   |  1- 3 |  4- 6 |  7- 9 | 10-12 || total
-------------------------+-------+-------+-------+-------++-------
Melee: Short sword       |   119 |   195 |   106 |       ||   420
       Flail             |       |       |   254 |    60 ||   314
       Peck              |       |       |    32 |    13 ||    45
  Use: Scroll            |       |    16 |     7 |     6 ||    29
       Potion            |       |     2 |     1 |       ||     3
 Stab: Confused          |     1 |     3 |       |       ||     4
       Paralysed         |       |     1 |     3 |       ||     4
       Sleeping          |       |       |    11 |     1 ||    12
       Distracted        |       |       |     3 |       ||     3
       Petrifying        |       |       |     1 |       ||     1
  Eat: Chunk             |     4 |     8 |     7 |     4 ||    23
       Ration            |       |       |     2 |       ||     2
Armor: Leather armour    |    34 |    46 |    85 |     4 ||   169
       Chain mail        |       |       |       |    10 ||    10
Dodge: Dodged            |   113 |   173 |   351 |    44 ||   681

Table legend:
 A = Non-vault XP
 B = Vault XP
 C = Vault XP percentage of total XP
 D = Non-vault monster count
 E = Vault monster count
 F = Vault count percentage of total count
                 A         B        C        D         E       F
            +---------+---------+-------+---------+---------+-------
      Total |    3808 |    2637 |  40.9 |     165 |      31 |  15.8
            +---------+---------+-------+---------+---------+-------
        D:1 |      45 |       0 |   0.0 |      24 |       0 |   0.0
        D:2 |      52 |      37 |  41.6 |      22 |       2 |   8.3
        D:3 |      44 |      31 |  41.3 |      17 |       8 |  32.0
        D:4 |     683 |     207 |  23.3 |      24 |       7 |  22.6
        D:5 |     650 |       0 |   0.0 |      24 |       0 |   0.0
        D:6 |     521 |     277 |  34.7 |      18 |       1 |   5.3
        D:7 |     597 |       0 |   0.0 |      16 |       0 |   0.0
        D:8 |    1166 |    1971 |  62.8 |      17 |       7 |  29.2
        D:9 |      50 |       0 |   0.0 |       3 |       0 |   0.0
      Sewer |       0 |     114 | 100.0 |       0 |       6 | 100.0
            +---------+---------+-------+---------+---------+-------
